 Dungeon Crawl Stone Soup version 0.29.0-4-gdea44cf6ec (webtiles) character file.

Game seed: 16974901630640104371

38 qw the Chopper (level 3, -4/23 HPs)
             Began as a Gargoyle Berserker on Sept 7, 2022.
             Was a Follower of Trog.
             Slain by a gnoll
             ... wielding a +0 halberd
              (8 damage)
             ... on level 2 of the Dungeon.
             The game lasted 00:00:22 (1218 turns).

qw the Chopper (Gargoyle Berserker)                 Turns: 1218, Time: 00:00:23

Health: -4/23      AC: 12    Str: 22    XL:     3   Next: 43%
Magic:  3/3        EV: 11    Int:  7    God:    Trog [*.....]
Gold:   60         SH:  0    Dex:  9    Spells: 2/2 levels left

rFire   . . .      SeeInvis .   Y - +0 hand axe
rCold   . . .      Faith    .   (no shield)
rNeg    + . .      Spirit   .   e - +0 ring mail
rPois   inf        Reflect  .   (no helmet)
rElec   +          Harm     .   (no cloak)
rCorr   .          Rampage  .   (no gloves)
Will    .....                   (no boots)
Stlth   ..........              (no amulet)
HPRegen 0.07/turn               d - +4 ring of protection
MPRegen 0.08/turn               (no ring)

@: on berserk cooldown, slowed, very slow
A: sickness immunity, AC +3, negative energy resistance 1, electricity
resistance, torment resistance 1, petrification resistance
a: Renounce Religion, Berserk


You were on level 2 of the Dungeon.
You worshipped Trog.
Trog was aware of your devotion.
You visited 1 branch of the dungeon, and saw 2 of its levels.

You collected 60 gold pieces.


Innate Abilities, Weirdness & Mutations

You are immune to sickness and miasma.
Your stone body is resilient. (AC +3)
You are immune to poison.
You resist negative energy. (rN+)
You are resistant to electric shocks. (rElec)
You are resistant to unholy torment.
You are immune to petrification.


   Skills:
 - Level 3.2 Fighting
 + Level 4.0 Axes
 - Level 2.1 Armour
 - Level 1.5 Dodging


You had 2 spell levels left.
You didn't know any spells.
Your spell library was empty.

Inventory:

Hand Weapons
 Y - a +0 hand axe (weapon)
Armour
 e - a +0 ring mail (worn)
Jewellery
 d - a +4 ring of protection (left hand)
Scrolls
 a - a scroll of amnesia {unknown}
 b - a scroll of identify
Potions
 h - a potion of curing {unknown}
 j - a potion of degeneration {unknown}
 l - a potion of mutation {unknown}

Dungeon Overview and Level Annotations

Branches:
Dungeon (2/15)

Altars:


Message History

Trog accepts your kill. The gnoll closely misses you. The gnoll misses you.
You have reached level 3!
Your experience leads to an increase in your attributes!
Increase (S)trength, (I)ntelligence, or (D)exterity?
You feel stronger. x2
Found 16 gold pieces.
You see here a ball python corpse.
You completely miss the gnoll. You slash the gnoll!
The gnoll hits you but does no damage. The gnoll barely misses you.
You barely miss the gnoll.
The gnoll is heavily wounded.
You hit the gnoll.
The gnoll hits you with a +0 halberd. x2
You closely miss the gnoll.
The gnoll is heavily wounded.
You hit the gnoll. The gnoll hits you with a +0 halberd.
The gnoll hits you but does no damage.
You barely miss the gnoll.
The gnoll is heavily wounded.
You barely miss the gnoll. The gnoll completely misses you.
The gnoll barely misses you.
You closely miss the gnoll.
The gnoll is heavily wounded.
You hit the gnoll. You slash the gnoll!
You kill the gnoll!
Trog accepts your kill.
You barely miss the gnoll.
You are no longer berserk.
You are exhausted.
You feel yourself slow down. The gnoll hits you with a +0 halberd.
Your Axes skill increases to level 4!
You hit the gnoll.
The gnoll is almost dead.
You hit the rat.
You kill the rat!
Trog accepts your kill. The gnoll hits you with a +0 halberd.
The gnoll hits you with a +0 halberd!
You die...

....... #.......#.
#$.# #........ ....
.......## .#.#.
........# .....
###.#.#.## ..#.#.
#........#####......
#.#.#....).)......
#.....#(..@g......
#.#####.##.#..###.
#.# ............
##.###..<..##..####
#### #......#####
..# ...###..#####
... ..<....## ....
......## ##. ......#


You could see a gnoll.

Vanquished Creatures
  2 gnolls (D:2)
  2 ball pythons
  3 bats (D:1)
  An endoplasm (D:1)
  A giant cockroach (D:1)
  3 hobgoblins
  A kobold (D:1)
  A quokka (D:1)
  3 frilled lizards (D:1)
  A goblin (D:1)
  2 rats
20 creatures vanquished.

Notes
Turn   | Place    | Note
-------+----------+-------------------------------------------
     0 | D:1      | qw the Gargoyle Berserker began the quest for the Orb.
     0 | D:1      | Reached XP level 1. HP: 14/14 MP: 1/1
     0 | D:1      | 0 ||| qw: Version: 0.1-a-108-g9e35731
     0 | D:1      | 0 ||| qw: Game counter: 6493
     0 | D:1      | 0 ||| qw: Always use a shield: true
     0 | D:1      | 0 ||| qw: Do Orc after D:15 true
     0 | D:1      | 0 ||| qw: Do second Lair branch before Depths: true
     0 | D:1      | 0 ||| qw: Lair rune preference: random
     0 | D:1      | 0 ||| qw: Plans: Normal
     0 | D:1      | 0 ||| PLANNING D:1-11
    62 | D:1      | Found a faded altar of an unknown god.
   434 | D:1      | Reached skill level 3 in Axes
   623 | D:1      | Reached XP level 2. HP: 17/19 MP: 2/2
  1124 | D:1      | 1124 ||| UPGRADING to +0 ring mail.
  1134 | D:1      | 1134 ||| DROPPING +0 animal skin.
  1135 | D:1      | 1135 ||| UPGRADING to +4 ring of protection.
  1136 | D:1      | 1136 ||| READING scroll labelled UDUEXTUGECH.
  1137 | D:1      | 1137 ||| READING scroll labelled WIJ ATYSEL HEH.
  1138 | D:1      | 1138 ||| READING scroll labelled ZEXUT ESAOWIU.
  1139 | D:1      | 1139 ||| READING scroll labelled WINALI QUCHACW.
  1140 | D:1      | 1140 ||| READING scroll labelled NIDUSTRU MONYO.
  1155 | D:2      | 1155 ||| STAIRDANCE
  1203 | D:2      | 1203 ||| INVOKING Berserk.
  1211 | D:2      | Reached XP level 3. HP: 23/23 MP: 3/3
  1218 | D:2      | Reached skill level 4 in Axes
  1218 | D:2      | HP: 4/23 [gnoll/+0 halberd (6)]
  1218 | D:2      | Slain by a gnoll

Levels and vault maps discovered:
D:1:      amcnicky_arrival_blooded_trapdoor, layout_loops_cross,
          shapermc_ecumenical_altar_mp_ritualfount
D:2:      layout_rooms, serial_glass, glass_columns_c, glass_columns_a,
          glass_columns_c, glass_columns_a, glass_columns_c, glass_columns_c,
          uniq_sigmund

Skill      XL: |  1  2  3 |
---------------+----------+-----
Axes           | 3 4 |  4.0
Fighting       | |  3.2
Armour         | |  2.1
Dodging        | |  1.5

Action                   || total
-------------------------++-------
Melee: Hand axe          ||    86
Invok: Berserk           ||     1
  Use: Scroll            ||     5
Armor: Animal skin       ||    20
       Ring mail         ||     8
Dodge: Dodged            ||    58

Table legend:
 A = Non-vault XP
 B = Vault XP
 C = Vault XP percentage of total XP
 D = Non-vault monster count
 E = Vault monster count
 F = Vault count percentage of total count
                 A         B        C        D         E       F
            +---------+---------+-------+---------+---------+-------
      Total |      56 |       0 |   0.0 |      20 |       0 |   0.0
            +---------+---------+-------+---------+---------+-------
        D:1 |      23 |       0 |   0.0 |      15 |       0 |   0.0
        D:2 |      33 |       0 |   0.0 |       5 |       0 |   0.0
            +---------+---------+-------+---------+---------+-------
